 Dungeon Crawl Stone Soup version 0.21.1-1-g345015f (webtiles) character file.

58 nightchill the Sneak (level 4, -2/23 HPs)
             Began as a Vine Stalker Assassin on May 31, 2018.
             Slain by a wight
             ... wielding a +0 long sword
              (7 damage)
             ... on level 2 of the Dungeon.
             The game lasted 00:03:33 (655 turns).

nightchill the Sneak (Vine Stalker Assassin)         Turns: 655, Time: 00:03:33

Health: -2/23      AC:  3    Str: 14    XL:     4   Next: 2%
Magic:  0/5        EV: 11    Int: 11    God:
Gold:   69         SH:  0    Dex: 16    Spells: 3/3 levels left

rFire    . . .     SeeInvis .   a - +2 dagger
rCold    . . .     Gourm    .   (no shield)
rNeg     . . .     Faith    .   c - +0 robe
rPois    .         Spirit   +   (no helmet)
rElec    .         Reflect  .   d - +0 cloak
rCorr    .         Harm     .   (no gloves)
MR       .....                  (no boots)
Stlth    +++.......             (no amulet)
HPRegen  0.47/turn              (no ring)
MPRegen  0.09/turn              (no ring)

@: drained
A: fangs 2, regeneration 1, magic shield, antimagic bite, no potion heal 3, rot
immunity
a: no special abilities


You were on level 2 of the Dungeon.
You were not hungry.

You visited 1 branch of the dungeon, and saw 2 of its levels.

You collected 69 gold pieces.

Inventory:

Hand Weapons
 a - a +2 dagger (weapon)
 b - a +0 blowgun
 h - a +2 hunting sling of flaming
Missiles
 e - 8 poisoned needles
 f - 2 curare-tipped needles
 q - 33 stones (quivered)
Armour
 c - a +0 robe (worn)
 d - a +0 cloak (worn)
Scrolls
 k - a scroll of amnesia {unknown}
 l - 3 scrolls of enchant weapon {unknown}
 m - 5 scrolls of identify {unknown}
 n - a scroll of remove curse {unknown}
 r - a scroll of teleportation {unknown}
Potions
 j - a potion of curing {unknown}
 o - a potion of might {unknown}
 p - a potion of flight {unknown}
Comestibles
 g - a ration


   Skills:
 - Level 1.7(0.9) Fighting
 * Level 3.2(2.4) Short Blades
 - Level 1.7(0.9) Throwing
 - Level 0.7(0.0) Dodging
 + Level 5.6(4.6) Stealth


You had 3 spell levels left.
You didn't know any spells.

Dungeon Overview and Level Annotations

Branches:
Dungeon (2/15)

Altars:

Annotations:
D:1 exclusion: downstairs


Innate Abilities, Weirdness & Mutations

You have extremely sharp teeth.
Your natural rate of healing is unusually fast.
When hurt, damage is shared between your health and your magic reserves.
Your bite disrupts and absorbs the magic of your enemies.
Potions cannot restore your health.
You are immune to rotting.


Message History

The wight is severely damaged.
The wight hits you with a long sword.
* * * LOW HITPOINT WARNING * * *
Okay, then.
You barely miss the wight.
The wight is severely damaged.
The wight barely misses you.
You closely miss the wight. You bite the wight, but do no damage.
The wight is severely damaged.
The wight completely misses you.
You barely miss the wight. You bite the wight, but do no damage.
The wight is severely damaged.
You barely miss the wight.
The wight is severely damaged.
The wight hits you with a long sword!
* * * LOW HITPOINT WARNING * * *
You closely miss the wight. Your bite misses the wight.
The wight is severely damaged.
The wight hits you with a long sword!
You die...

#.# #.# # ...
#. #.# # #. #.#
##.##.### #.#
?.......#####.#
#........z@.<#
######.#######
#.# #.# #.# #.#
######.###
..........#
##......#.#


You could see a wight.

Vanquished Creatures
  A wight (D:2)
  3 bats (D:1)
  A giant cockroach (D:1)
  A goblin (D:1)
  2 hobgoblins (D:1)
  6 kobolds (D:1)
  A ball python (D:1)
  2 frilled lizards (D:1)
  2 rats (D:1)
19 creatures vanquished.

Notes
Turn   | Place    | Note
-------+----------+-------------------------------------------
     0 | D:1      | nightchill the Vine Stalker Assassin began the quest for the Orb.
     0 | D:1      | Reached XP level 1. HP: 11/11 MP: 2/2
    35 | D:1      | Reached skill level 5 in Stealth
    49 | D:1      | Reached XP level 2. HP: 10/15 MP: 3/3
   506 | D:1      | You fall through a shaft!
   513 | D:2      | Noticed a wight
   515 | D:2      | Noticed a wight
   515 | D:2      | Noticed a wight
   519 | D:2      | Killed a wight
   519 | D:2      | Reached XP level 3. HP: 18/18 MP: 4/4
   519 | D:2      | Gained mutation: Your natural rate of healing is unusually fast. [Vine Stalker growth]
   519 | D:2      | Reached XP level 4. HP: 23/23 MP: 5/5
   655 | D:2      | Slain by a wight

Skill      XL: |  1  2 |
---------------+-------+-----
Short Blades   | 2 3 |  3.2
Stealth        | 5 |  5.6
Fighting       | |  1.7
Throwing       | |  1.7
Dodging        | |  0.7

Action                   |  1- 3 |  4- 6 || total
-------------------------+-------+-------++-------
Melee: Dagger            |    45 |    23 ||    68
       Bite              |    13 |    11 ||    24
 Stab: Sleeping          |     2 |       ||     2
Armor: Robe              |     7 |       ||     7
Dodge: Dodged            |    27 |    10 ||    37
